 Dungeon Crawl Stone Soup version 0.19.4-10-g532645f (webtiles) character file.

219 Kosschaser the Grave Robber (level 5, -27/35 HPs)
             Began as a Demonspawn Necromancer on Feb 25, 2017.
             Killed from afar by a hobgoblin (46 damage)
             ... with an exploding inner flame
             ... hexed by the player character
             ... on level 4 of the Dungeon.
             The game lasted 00:22:27 (3772 turns).

Kosschaser the Grave Robber (DsNe)                  Turns: 3772, Time: 00:22:28

Health: -27/35     AC:  5    Str:  8    XL:     5   Next: 63%
Magic:  2/10       EV: 12    Int: 18    God:
Gold:   119        SH:  0    Dex: 13    Spells: 3 memorised, 5 levels left

rFire  . . .     SeeInvis .     (no weapon)
rCold  . . .     Gourm    .     a - +0 robe
rNeg   . . .     Faith    .     (no shield)
rPois  .         Spirit   .     (helmet restricted)
rElec  .         Reflect  .     p - +0 cloak
rCorr  .         Harm     +     (no gloves)
MR     .....                    (no boots)
Stlth  ++........               l - amulet of harm
                                (no ring)
                                (no ring)

@: very slightly contaminated
A: antennae 1, thin metallic scales 1, demonic guardian 1
a: no special abilities


You were on level 4 of the Dungeon.
You were hungry.

You visited 1 branch of the dungeon, and saw 4 of its levels.

You collected 119 gold pieces.

Inventory:

Armour
 a - a +0 robe (worn)
 p - a +0 cloak (worn)
Jewellery
 l - an amulet of harm (around neck)
Scrolls
 i - 4 scrolls of identify
 m - 2 scrolls of magic mapping
 o - a scroll of remove curse
 q - a scroll of immolation
Potions
 d - 3 potions of curing {unknown}
 e - a potion of flight {unknown}
 h - a potion of brilliance {unknown}
 j - a potion of degeneration {unknown}
 k - 2 potions of berserk rage
 t - a potion of lignification {unknown}
 v - a potion of heal wounds {unknown}
Books
 b - a book of Necromancy

   Spells                             Type                      Level
   a - Pain                           Necromancy                   1
   b - Animate Skeleton               Necromancy                   1
   c - Vampiric Draining              Necromancy                   3
   d - Regeneration                   Charms/Necromancy            3
   e - Animate Dead                   Necromancy                   4
   f - Control Undead                 Necromancy                   4
Comestibles
 c - 2 bread rations
 f - 3 fruits
 g - 5 meat rations


   Skills:
 + Level 2.0 Dodging
 + Level 1.9 Stealth
 + Level 3.8 Spellcasting
 + Level 6.3 Necromancy


You had 5 spell levels left.
You knew the following spells:

 Your Spells              Type           Power        Failure   Level  Hunger
a - Pain                  Necr           ####         1%          1    None
b - Animate Skeleton      Necr           N/A          1%          1    None
c - Animate Dead          Necr           N/A          14%         4    ####...


Dungeon Overview and Level Annotations

Branches:
Dungeon (4/15)
 Temple: D:4-7

Altars:
Dithmenos
Gozag
Qazlal
Trog
Xom
Yredelemnul

Annotations:
D:4 Magnus's ghost, amateur DsGl


Innate Abilities, Weirdness & Mutations

You have a pair of small antennae on your head.
You are partially covered in thin metallic scales. (AC +2)
A weak demonic guardian rushes to your aid.


Message History

The creatures around you are filled with an inner flame!
It was a scroll of immolation.
Your iron imp hits the hobgoblin but does no damage.
The hobgoblin closely misses you.
A gnoll comes into view. It is wielding a flail.
Press: ? - help, v - describe, . - travel The floor.
As you read the scroll labeled QYGOIMATOK, it crumbles to dust.
It is a scroll of enchant weapon.
You aren't carrying any weapons that can be enchanted.
Your iron imp barely misses the hobgoblin.
The hobgoblin misses you.
As you read the scroll labeled FINAIP ONNIN, it crumbles to dust.
It is a scroll of recharging.
You aren't carrying any rechargeable items.
The hobgoblin hits you.
Your iron imp hits the hobgoblin!
The hobgoblin explodes!
The fiery explosion engulfs you!
Ouch! That really hurt!
You die...

.# +..# ... ..# {#..#
#.###.## ####..#
#.##...#[.#.#####..()(#{
#.##...#..'.o.g{o).##'#
#.##...#+#####Z.#o##(.#
#.##...# ####o.#..#
#.##...#{{ +.5'Wo#'##
#......# ####.@####.P####..
#.Z#...####..####...........
#.Z#........................
#.Z#.###....#..####..#####..
##..#................## #
{..)######...#........ ###.#
##.#######.### #... #.# #.#
#.### #.# ..


You could see Magnus's ghost (inner flame), 3 orcs and a friendly iron imp.

Vanquished Creatures
  An orc wizard (D:4)
  Ijyb (D:2)
  6 adders
  An ooze (D:3)
  4 worms
  A dart slug (D:1)
  2 leopard geckos
  2 orcs
  5 bats
  3 giant cockroaches (D:3)
  5 goblins
  10 hobgoblins
  7 kobolds
  A frilled lizard (D:2)
  10 rats
59 creatures vanquished.

Vanquished Creatures (collateral kills)
  An orc priest (D:4)
  An ooze (D:1)
  A dart slug (D:1)
  4 orcs
  A bat (D:1)
  2 giant cockroaches
  A quokka (D:2)
  A kobold (D:3)
  4 rats
16 creatures vanquished.

Grand Total: 75 creatures vanquished

Notes
Turn   | Place    | Note
-------+----------+-------------------------------------------
     0 | D:1      | Kosschaser the Demonspawn Necromancer began the quest for the Orb.
     0 | D:1      | Reached XP level 1. HP: 13/13 MP: 3/3
   339 | D:1      | Learned a level 1 spell: Animate Skeleton
   716 | D:1      | Gained mutation: You are partially covered in thin metallic scales. (AC +2) [demonic ancestry]
   716 | D:1      | Reached XP level 2. HP: 19/19 MP: 3/5
   974 | D:1      | Reached skill level 5 in Necromancy
  1510 | D:1      | Gained mutation: A weak demonic guardian rushes to your aid. [demonic ancestry]
  1510 | D:1      | Reached XP level 3. HP: 24/24 MP: 6/6
  1601 | D:2      | Noticed Ijyb
  1625 | D:2      | Killed Ijyb
  1839 | D:2      | Reached XP level 4. HP: 22/30 MP: 3/8
  2698 | D:3      | Found a stormy altar of Qazlal.
  3093 | D:3      | Gained mutation: You have a pair of small antennae on your head. [demonic ancestry]
  3093 | D:3      | Reached XP level 5. HP: 25/35 MP: 2/10
  3279 | D:3      | Reached skill level 6 in Necromancy
  3369 | D:3      | Found an opulent altar of Gozag.
  3369 | D:3      | Found a shimmering altar of Xom.
  3382 | D:3      | Found a shadowy altar of Dithmenos.
  3382 | D:3      | Found a basalt altar of Yredelemnul.
  3386 | D:3      | Found a bloodstained altar of Trog.
  3585 | D:4      | Learned a level 4 spell: Animate Dead
  3752 | D:4      | Noticed Magnus's ghost (amateur DsGl)
  3772 | D:4      | Killed from afar by a hobgoblin

Skill      XL: |  1  2  3  4  5 |
---------------+----------------+-----
Dodging        | 2 |  2.0
Necromancy     | 5 6 |  6.3
Spellcasting   | 3 |  3.8
Stealth        | |  1.9

Action                   |  1- 3 |  4- 6 || total
-------------------------+-------+-------++-------
Melee: Unarmed           |     4 |     2 ||     6
 Cast: Pain              |    59 |    93 ||   152
       Animate Skeleton  |     8 |    16 ||    24
       Animate Dead      |       |     2 ||     2
  Use: Scroll            |       |     6 ||     6
  Eat: Chunk             |     4 |     5 ||     9
Armor: Robe              |    23 |    10 ||    33
Dodge: Dodged            |    43 |    20 ||    63
